 Dungeon Crawl Stone Soup version 0.28-b1-25-g9875b3fc8c (webtiles) character file.

Game seed: 662331853569439815

77 Descartes the Magician (level 4, 0/25 HPs)
             Began as a Deep Elf Wanderer on Jan 30, 2022.
             Killed from afar by an orc wizard (1 damage)
             ... with a magic dart
             ... on level 4 of the Dungeon on Jan 31, 2022.
             The game lasted 00:05:53 (3049 turns).

Descartes the Magician (Deep Elf Wanderer)          Turns: 3049, Time: 00:05:54

Health: 0/25       AC:  6    Str:  8    XL:     4   Next: 13%
Magic:  2/10       EV: 10    Int: 17    God:
Gold:   107        SH:  0    Dex: 17    Spells: 7/8 levels left

rFire   . . .      SeeInvis .   n - +2 dagger (venom)
rCold   . . .      Faith    .   (no shield)
rNeg    . . .      Spirit   .   o - +0 ring mail
rPois   .          Reflect  .   c - +0 helmet
rElec   .          Harm     .   (no cloak)
rCorr   .          Rampage  .   (no gloves)
Will    .....                   (no boots)
Stlth   ++........              (no amulet)
HPRegen 0.08/turn               (no ring)
MPRegen 0.12/turn               (no ring)

@: lethally poisoned (0 -> -17), very slightly contaminated
A: no striking features
a: no special abilities


You were on level 4 of the Dungeon.
You visited 1 branch of the dungeon, and saw 4 of its levels.

You collected 107 gold pieces.

Inventory:

Hand Weapons
 l - a +0 rapier
 n - a +2 dagger of venom (weapon)
Armour
 c - a +0 helmet (worn)
 d - a +0 robe
 o - a +0 ring mail (worn)
Jewellery
 p - a +4 ring of protection
Scrolls
 a - 2 scrolls of amnesia {unknown}
 b - 2 scrolls of fear
 h - a scroll of immolation {unknown}
 m - 2 scrolls of teleportation {unknown}
 r - 2 scrolls of identify {unknown}
Potions
 e - 2 potions of brilliance {unknown}
 f - a potion of degeneration {unknown}
 g - 2 potions of haste {unknown}
 i - a potion of curing {unknown}
 j - a potion of resistance {unknown}
 k - a potion of lignification {unknown}
 q - a potion of magic {unknown}


   Skills:
 - Level 1.0 Fighting
 - Level 1.0 Throwing
 - Level 1.0 Armour
 - Level 1.2 Dodging
 - Level 2.4 Stealth
 + Level 2.7 Spellcasting
 + Level 1.8 Conjurations
 + Level 1.5 Fire Magic
 + Level 2.7 Air Magic
 + Level 1.2 Poison Magic
 - Level 1.1 Evocations


You had 7 spell levels left.
You knew the following spells:

 Your Spells              Type           Power      Damage    Failure   Level
a - Shock                 Conj/Air       40%        1d5       22%         1

Your spell library contained the following spells:

 Spells                   Type           Power      Damage    Failure   Level
 Mephitic Cloud           Conj/Pois/Air  8%         N/A       58%         3
 Conjure Flame            Conj/Fire      8%         6-21      63%         3
 Ignite Poison            Fire/Tmut/Pois 5%         N/A       75%         3
 Sticky Flame             Conj/Fire      8%         2d3       95%         4


Dungeon Overview and Level Annotations

Branches:
Dungeon (4/15)
 Temple: D:4-7

Altars:
Qazlal
Ru


Message History

Confirm with . or Enter, or press ? or * to list all spells.
Aiming: Shock (safe; 22% risk of failure)
Press: ? - help, Shift-Dir - straight line, f/p - orc priest
Aim: an orc priest, wielding a +0 hand axe and wearing a +0 leather armour (lightly wounded, 68% to hit)
The zap hits the orc.
The orc is severely wounded.
The zap hits the orc priest.
The orc priest is moderately wounded.
Unknown command.
Casting: Shock (safe; 22% risk of failure)
Confirm with . or Enter, or press ? or * to list all spells.
Aiming: Shock (safe; 22% risk of failure)
Press: ? - help, Shift-Dir - straight line, f/p - orc priest
Aim: an orc priest, wielding a +0 hand axe and wearing a +0 leather armour (moderately wounded, 68% to hit)
The zap hits the orc priest but does no damage.
The orc priest is moderately wounded.
The orc priest mumbles some strange prayers to Beogh against you.
Beogh smites you!
The orc wizard hits you with a +2 dagger of venom.
You are poisoned.
The orc hits you with a +0 dagger.
Unknown command.
Casting: Shock (safe; 22% risk of failure)
Confirm with . or Enter, or press ? or * to list all spells.
Aiming: Shock (safe; 22% risk of failure)
Press: ? - help, Shift-Dir - straight line, f/p - orc priest
Aim: an orc priest, wielding a +0 hand axe and wearing a +0 leather armour (moderately wounded, 68% to hit)
You miscast Shock.
Nothing appears to happen.
You feel very sick.
The orc priest hits you with a +0 hand axe.
The orc wizard hits you but does no damage.
You are more poisoned.
The orc barely misses you. The orc hits you but does no damage.
* * * LOW HITPOINT WARNING * * *
You feel very sick.
The orc priest hits you with a +0 hand axe.
* * * LOW HITPOINT WARNING * * *
The orc wizard gestures at you while chanting.
The magic dart hits you.
You die...

###.........
##..........)
##.......(....
##.............
#.>............
#.............
#...ooo......
#..@o......
##.........
##........
#####..## ##


You could see an orc priest, an orc wizard and 2 orcs.

Vanquished Creatures
  An adder (D:3)
  2 worms
  2 dart slugs
  5 bats
  4 endoplasms
  A giant cockroach (D:3)
  8 goblins
  6 hobgoblins
  3 jackals (D:1)
  A quokka (D:1)
  4 ball pythons
  5 frilled lizards
  5 kobolds
  7 rats
54 creatures vanquished.

Notes
Turn   | Place    | Note
-------+----------+-------------------------------------------
     0 | D:1      | Descartes the Deep Elf Wanderer began the quest for the
                  | Orb.
     0 | D:1      | Descartes set off with the following items: a +2 dagger, a
                  | scroll of fear, a +0 helmet, a +0 robe; and the following
                  | spell memorised: Shock; and the following spells available
                  | to memorise: Mephitic Cloud
     0 | D:1      | Reached XP level 1. HP: 12/12 MP: 5/5
   160 | D:1      | Reached XP level 2. HP: 16/16 MP: 1/7
   258 | D:1      | Reached skill level 1 in Conjurations
   740 | D:1      | Upgraded the game from 0.28-b1-1-g3c77fb2ed1 to
                  | 0.28-b1-25-g9875b3fc8c
   805 | D:1      | Reached skill level 1 in Fire Magic
  1169 | D:2      | Reached XP level 3. HP: 20/20 MP: 5/8
  1793 | D:1      | Found a stormy altar of Qazlal.
  2091 | D:3      | Found a stormy altar of Qazlal.
  2193 | D:3      | Reached skill level 1 in Poison Magic
  2466 | D:3      | Found a sacrificial altar of Ru.
  2469 | D:3      | Reached XP level 4. HP: 25/25 MP: 7/10
  3049 | D:4      | HP: 1/25 [orc priest (3)]
  3049 | D:4      | Killed from afar by an orc wizard

Illustrated notes

Levels and vault maps discovered:
D:1:      dpeg_arrival_lava_altar, layout_loops_ring, st_stairs_1
D:2:      layout_loops_cross
D:3:      layout_basic, nicolae_ru_awakened_eye, general_overflow_altar,
          corner_web_ring, minmay_misc_feat_four_crosses
D:4:      layout_cave_pods, serial_shops, shop, gammafunk_ghost_split,
          hangedman_abyss_or_decor_passed

Skill      XL: |  1  2  3 |
---------------+----------+-----
Spellcasting   | 2 |  2.7
Conjurations   | 1 |  1.8
Fire Magic     | 1 |  1.5
Poison Magic   | 1 |  1.2
Fighting       | |  1.0
Throwing       | |  1.0
Armour         | |  1.0
Dodging        | |  1.2
Stealth        | |  2.4
Air Magic      | |  2.7
Evocations     | |  1.1

Action                   |  1- 3 |  4- 6 || total
-------------------------+-------+-------++-------
Melee: Dagger            |    13 |     3 ||    16
 Cast: Shock             |    99 |    18 ||   117
 Stab: Sleeping          |     1 |       ||     1
Armor: Robe              |     3 |       ||     3
       Ring mail         |     2 |     4 ||     6
Dodge: Dodged            |    18 |     2 ||    20
